 Dungeon Crawl Stone Soup version 0.28-a0-655-g4eb62b627b (webtiles) character file.

Game seed: 2793870776441577058

58 cheechan the Magician (level 4, -2/27 HPs)
             Began as an Octopode Hedge Wizard on Oct 12, 2021.
             Slain by an adder (5 damage)
             ... on level 3 of the Dungeon.
             The game lasted 00:07:24 (1961 turns).

cheechan the Magician (Octopode Hedge Wizard)       Turns: 1961, Time: 00:07:26

Health: -2/27      AC:  1    Str: 15    XL:     4   Next: 1%
Magic:  2/9        EV: 17    Int: 16    God:
Gold:   77         SH:  0    Dex: 12    Spells: 4/10 levels left

rFire   . . .      SeeInvis .   a - +0 dagger
rCold   . . .      Faith    .   (no shield)
rNeg    . . .      Spirit   .   b - +0 hat
rPois   .          Reflect  .   (no amulet)
rElec   .          Harm     .   e - +6 ring of strength
rCorr   .          Rampage  .   n - +4 ring of evasion
Will    .....                   (no ring)
Stlth   +++.......              (no ring)
HPRegen 0.09/turn               (no ring)
MPRegen 0.11/turn               (no ring)
                                (no ring)
                                (no ring)

@: no status effects
A: almost no armour, amphibious, 8 rings, camouflage 1, gelatinous body 1,
(nimble swimmer 1), tentacles
a: no special abilities


You were on level 3 of the Dungeon.
You visited 1 branch of the dungeon, and saw 3 of its levels.

You collected 77 gold pieces.

Inventory:

Hand Weapons
 a - a +0 dagger (weapon)
 g - a +0 quarterstaff
Missiles
 h - 19 arrows
 i - 18 bolts
 k - 13 stones
 l - 15 sling bullets
Armour
 b - a +0 hat (worn)
Jewellery
 e - a +6 ring of strength (left tentacle)
 n - a +4 ring of evasion (right tentacle)
Scrolls
 m - a scroll of magic mapping
Potions
 c - 2 potions of curing {unknown}
 d - a potion of degeneration {unknown}
 f - a potion of might {unknown}
 j - a potion of berserk rage {unknown}
 o - a potion of haste {unknown}


   Skills:
 + Level 0.1 Fighting
 + Level 0.4 Short Blades
 + Level 2.5 Dodging
 + Level 3.2 Stealth
 + Level 3.8 Spellcasting
 + Level 1.3 Conjurations
 + Level 1.0 Summonings
 + Level 1.0 Translocations


You had 4 spell levels left.
You knew the following spells:

 Your Spells              Type           Power      Damage    Failure   Level
a - Magic Dart            Conj           28%        1d4       10%         1
b - Sandblast             Erth           6%         2d5       17%         1
c - Blink                 Tloc           N/A        N/A       17%         2
d - Call Imp              Summ           6%         N/A       17%         2

Your spell library contained the following spells:

 Spells                   Type           Power      Damage    Failure   Level
 Passwall                 Tmut/Erth      2%         N/A       26%         2
 Slow                     Hex            3%         N/A       26%         2
 Lesser Beckoning         Tloc           6%         N/A       34%         3
 Conjure Flame            Conj/Fire      5%         6-21      36%         3
 Stone Arrow              Conj/Erth      10%        3d7       36%         3
 Mephitic Cloud           Conj/Pois/Air  4%         N/A       41%         3
 Manifold Assault         Tloc           6%         N/A       97%         5


Dungeon Overview and Level Annotations

Branches:
Dungeon (3/15)

Altars:


Innate Abilities, Weirdness & Mutations

You cannot wear most types of armour.
You are amphibious.
You can wear up to eight rings at the same time.
Your skin changes colour to match your surroundings (Stealth+).
Your rubbery body absorbs attacks. (AC +1, EV +1)
((You are camouflaged near water. (Stealth+)))
You have tentacles for arms and can constrict up to eight enemies at once.


Message History

The adder poisons you! The adder barely misses you.
You hit the adder.
You kill the adder!
You feel very sick.
You have reached level 4!
You feel sick.
You feel sick.
You feel sick.
You feel sick.
A quokka and a worm come into view.
You feel sick.
Found a pair of gloves.
You feel sick.
You feel sick.
You feel sick.
You are no longer poisoned.
The adder misses you. The adder closely misses you. The adder misses you.
The adder bites you.
* * * LOW HITPOINT WARNING * * *
The adder closely misses you.
Casting: Magic Dart (safe; 10% risk of failure)
Confirm with . or Enter, or press ? or * to list all spells.
You blink.
Casting: Blink (safe; 17% risk of failure)
Confirm with . or Enter, or press ? or * to list all spells.
You miscast Blink.
You are very lightly contaminated with residual magic.
Nothing appears to happen.
The adder closely misses you.
Casting: Blink (safe; 17% risk of failure)
Confirm with . or Enter, or press ? or * to list all spells.
You blink.
A giant cockroach comes into view.
Found 14 gold pieces.
A water moccasin comes into view.
An endoplasm comes into view.
Your magical contamination has completely faded away.
Found a There-And-Back Book.
Found a stone staircase leading down.
Found a scroll labelled NASEYLLOADI.
The adder bites you.
You die...

..#.# ........$.... ?.
......##..........##
..## ...#.##...........#
..... ..J....##........#
.....###.##S..#.........
......:.................
...>....#...............
..#.....................
#.....@S######.........
......................<.
##.#############........
########. #. #. ##


You could see a water moccasin (asleep), an adder and an endoplasm (asleep).

Vanquished Creatures
  An adder (D:3)
  A worm (D:2)
  3 bats (D:1)
  2 endoplasms (D:1)
  7 goblins
  3 hobgoblins
  2 jackals (D:1)
  2 quokkas
  4 ball pythons
  6 kobolds
  A rat (D:2)
32 creatures vanquished.

Vanquished Creatures (collateral kills)
  An endoplasm (D:2)
  4 jackals (D:2)
  A bat (D:2)
  A frilled lizard (D:2)
  A kobold (D:1)
8 creatures vanquished.

Grand Total: 40 creatures vanquished

Notes
Turn   | Place    | Note
-------+----------+-------------------------------------------
     0 | D:1      | cheechan the Octopode Hedge Wizard began the quest for the
                  | Orb.
     0 | D:1      | Reached XP level 1. HP: 11/11 MP: 4/4
   154 | D:1      | Learned a level 1 spell: Sandblast
   192 | D:1      | Reached XP level 2. HP: 17/17 MP: 1/6
   196 | D:1      | Learned a level 2 spell: Blink
   199 | D:1      | Learned a level 2 spell: Call Imp
   618 | D:1      | Reached XP level 3. HP: 14/21 MP: 1/8
  1931 | D:3      | Reached XP level 4. HP: 12/27 MP: 4/9
  1942 | D:3      | HP: 1/27 [adder (3)]
  1950 | D:3      | Noticed a water moccasin
  1961 | D:3      | Slain by an adder

Illustrated notes

Levels and vault maps discovered:
D:1:      dpeg_arrival_boxes_within_box, layout_basic
D:2:      layout_basic
D:3:      layout_rooms, hellmonk_ecumenical_altar_arch_garden

Skill      XL: |  1  2  3 |
---------------+----------+-----
Stealth        | 3 |  3.2
Fighting       | |  0.1
Short Blades   | |  0.4
Dodging        | |  2.5
Spellcasting   | |  3.8
Conjurations   | |  1.3
Summonings     | |  1.0
Translocations | |  1.0

Action                   |  1- 3 |  4- 6 || total
-------------------------+-------+-------++-------
Melee: Dagger            |    66 |       ||    66
       Constrict         |    18 |       ||    18
       Tentacles         |    14 |       ||    14
 Cast: Magic Dart        |    24 |       ||    24
       Call Imp          |     3 |       ||     3
       Blink             |       |     2 ||     2
  Use: Scroll            |     3 |       ||     3
 Stab: Sleeping          |     5 |       ||     5
Armor: Skin              |    11 |       ||    11
Dodge: Dodged            |    62 |     5 ||    67

Table legend: (Time is in decaauts)
 A = Elapsed time spent in this place.
 B = Non-inter-level travel time spent in this place.
 C = Inter-level travel time spent in this place.
 D = Time resting spent in this place.
 E = Time spent auto-exploring this place.
 F = Levels seen in this place.
 G = Mean time per level.
                   A        B        C        D        E       F      G
               +--------+--------+--------+--------+--------+-----+--------+
         Total |   1959 |   1959 |      0 |    515 |      0 |   3 |  653.0 |
       Dungeon |   1959 |   1959 |      0 |    515 |      0 |   3 |  653.0 |
               +--------+--------+--------+--------+--------+-----+--------+

Top non-repeatable levels by time:
     D:1: 1119 daAuts
     D:2: 801 daAuts
     D:3: 37 daAuts
